 Dungeon Crawl Stone Soup version 0.28.0-43-g3370ac3207 (webtiles) character file.

Game seed: 684971511817429723

162 nickcage the Cudgeller (level 5, -4/45 HPs)
             Began as a Minotaur Fighter on Mar 21, 2022.
             Was a Believer of Elyvilon.
             Slain by Grinder (9 damage)
             ... on level 3 of the Dungeon.
             The game lasted 00:04:49 (2619 turns).

nickcage the Cudgeller (Minotaur Fighter)           Turns: 2619, Time: 00:04:50

Health: -4/45      AC:  6    Str: 22    XL:     5   Next: 19%
Magic:  4/4        EV:  9    Int:  5    God:    Elyvilon [**....]
Gold:   107        SH:  4    Dex: 10    Spells: 4/4 levels left

rFire   . . .      SeeInvis .   a - +0 flail
rCold   . . .      Faith    .   c - +0 buckler
rNeg    . . .      Spirit   .   b - +0 scale mail
rPois   .          Reflect  .   (helmet restricted)
rElec   .          Harm     .   (no cloak)
rCorr   .          Rampage  .   (no gloves)
Will    .....                   (no boots)
Stlth   ..........              (no amulet)
HPRegen 0.15/turn               (no ring)
MPRegen 0.09/turn               (no ring)

@: no status effects
A: horns 2, retaliatory headbutt
a: Renounce Religion, Purification, Heal Other


You were on level 3 of the Dungeon.
You worshipped Elyvilon.
Elyvilon was pleased with you.
You visited 1 branch of the dungeon, and saw 3 of its levels.

You collected 107 gold pieces.

Inventory:

Hand Weapons
 a - a +0 flail (weapon)
Missiles
 h - 5 poisoned darts (quivered)
Armour
 b - a +0 scale mail (worn)
 c - a +0 buckler (worn)
Scrolls
 e - a scroll of enchant armour {unknown}
 f - a scroll of magic mapping {unknown}
 g - a scroll of vulnerability {unknown}
Potions
 d - a potion of might
 i - a potion of invisibility {unknown}
 j - a potion of heal wounds {unknown}
 k - a potion of curing {unknown}


   Skills:
 - Level 3.6 Fighting
 + Level 6.6 Maces & Flails
 - Level 3.6 Armour
 - Level 3.6 Shields


You had 4 spell levels left.
You didn't know any spells.
Your spell library contained the following spells:

 Spells                   Type           Power      Damage    Failure   Level
 Blink                    Tloc           0%         N/A       95%         2
 Lesser Beckoning         Tloc           0%         N/A       99%         3
 Manifold Assault         Tloc           0%         N/A       100%        5


Dungeon Overview and Level Annotations

Branches:
Dungeon (3/15)

Altars:
Elyvilon
Hepliaklqana

Annotations:
D:3 Grinder


Innate Abilities, Weirdness & Mutations

You have a pair of horns on your head.
You reflexively headbutt those who attack you in melee.


Message History

Found 13 gold pieces.
Grinder hits you but does no damage.
You hit Grinder. Your headbutt misses Grinder.
Grinder is lightly wounded.
You block Grinder's attack.
You hit Grinder.
Grinder is lightly wounded.
You block Grinder's attack.
You hit Grinder. You headbutt Grinder!
Grinder is heavily wounded.
Grinder hits you but does no damage. Grinder gestures at you.
You resist with significant effort.
You hit Grinder. Your headbutt misses Grinder.
Grinder is heavily wounded.
Grinder closely misses you.
You barely miss Grinder.
Grinder is heavily wounded.
You block Grinder's attack.
You hit Grinder. Your headbutt misses Grinder.
Grinder is heavily wounded.
Grinder hits you!
You writhe in agony.
You closely miss Grinder.
Grinder is heavily wounded.
Grinder hits you!
* * * LOW HITPOINT WARNING * * *
You writhe in agony.
* * * LOW HITPOINT WARNING * * *
You hit Grinder. Your headbutt misses Grinder.
Grinder is severely wounded.
Grinder barely misses you.
You hit Grinder. Your headbutt misses Grinder.
Grinder is severely wounded.
Grinder hits you.
* * * LOW HITPOINT WARNING * * *
You writhe in agony.
Elyvilon protects you from harm!
You closely miss Grinder. You headbutt Grinder.
Grinder is severely wounded.
Grinder hits you!
You die...

### #.. #.# #.#
#.#####5########
.#...).@.......#
#...........##.##
#....##..........
#.##...........#
$ ####..##.#..#
#.....# .#
#..####
#..####...
#.........


You could see Grinder.

Vanquished Creatures
  Natasha (thrice) (D:2)
  Robin (D:2)
  An adder (D:3)
  A dart slug (D:1)
  7 ball pythons
  8 endoplasms
  2 giant cockroaches
  10 goblins
  4 hobgoblins (D:2)
  3 jackals (D:3)
  A quokka (D:2)
  9 bats
  2 frilled lizards (D:1)
  9 kobolds
  A rat (D:1)
62 creatures vanquished.

Vanquished Creatures (others)
  A plant (D:3)
1 creature vanquished.

Grand Total: 63 creatures vanquished

Notes
Turn   | Place    | Note
-------+----------+-------------------------------------------
     0 | D:1      | nickcage the Minotaur Fighter began the quest for the Orb.
     0 | D:1      | Reached XP level 1. HP: 19/19 MP: 0/0
   100 | D:1      | Reached skill level 3 in Maces & Flails
   175 | D:1      | Reached XP level 2. HP: 24/26 MP: 1/1
   453 | D:1      | Reached skill level 4 in Maces & Flails
   898 | D:1      | Found a faded altar of an unknown god.
  1202 | D:1      | Prayed at the altar of an unknown god.
  1202 | D:1      | Became a worshipper of Elyvilon the Healer
  1202 | D:1      | Reached * piety under Elyvilon
  1260 | D:2      | Reached XP level 3. HP: 30/31 MP: 2/2
  1269 | D:2      | Noticed Robin
  1278 | D:2      | Killed Robin
  1526 | D:2      | Noticed Natasha
  1531 | D:2      | Killed Natasha
  1532 | D:2      | Reached skill level 5 in Maces & Flails
  1532 | D:2      | Reached XP level 4. HP: 35/39 MP: 3/3
  1542 | D:2      | Noticed Natasha
  1553 | D:2      | Killed Natasha
  1557 | D:2      | Noticed Natasha
  1567 | D:2      | Killed Natasha
  1568 | D:2      | Reached skill level 6 in Maces & Flails
  2025 | D:2      | Reached ** piety under Elyvilon
  2062 | D:2      | Reached XP level 5. HP: 45/45 MP: 4/4
  2502 | D:3      | Found a hazy altar of Hepliaklqana.
  2603 | D:3      | Noticed Grinder
  2603 | D:3      | Paralysed by Grinder for 6 turns
  2618 | D:3      | Elyvilon protects you from harm!
  2619 | D:3      | Slain by Grinder

Illustrated notes

Levels and vault maps discovered:
D:1:      dpeg_arrival_renting, layout_basic,
          hellmonk_ecumenical_altar_inner_sanctum, minmay_crystal_room
D:2:      layout_loops_ring, grunt_decor_cap, uniq_natasha, uniq_robin
D:3:      layout_loops_ring, nicolae_hepliaklqana_hazy_memory,
          mainiacjoe_overflow_small_starburst, ebering_ghost_sewer_f,
          kennysheep_cross_room, uniq_jessica, uniq_grinder

Skill      XL: |  1  2  3  4 |
---------------+-------------+-----
Maces & Flails | 3 4 5 6 |  6.6
Fighting       | |  3.6
Armour         | |  3.6
Shields        | |  3.6

Action                   |  1- 3 |  4- 6 || total
-------------------------+-------+-------++-------
Melee: Flail             |    81 |    58 ||   139
       Headbutt          |     9 |     8 ||    17
Armor: Scale mail        |    44 |    23 ||    67
Dodge: Dodged            |    36 |    29 ||    65
Block: Buckler           |    23 |    10 ||    33
